 Dungeon Crawl Stone Soup version 0.19.5 (webtiles) character file.

212 Keye the Sneak (level 5, -8/36 HPs)
             Began as an Octopode Fighter on May 7, 2017.
             Mangled by Sigmund
             ... wielding a +0 scythe
              (11 damage)
             ... on level 3 of the Dungeon.
             The game lasted 00:03:25 (2591 turns).

Keye the Sneak (Octopode Fighter)                   Turns: 2591, Time: 00:03:26

Health: -8/36      AC:  1    Str: 15    XL:     5   Next: 90%
Magic:  5/5        EV: 12    Int: 10    God:
Gold:   127        SH:  0    Dex: 13    Spells: 0 memorised, 4 levels left

rFire  . . .     SeeInvis .     a - +0 rapier
rCold  . . .     Gourm    .     b - +0 shield
rNeg   . . .     Faith    .     (helmet restricted)
rPois  .         Spirit   .     (no amulet)
rElec  .         Reflect  .     u - ring of resist corrosion
rCorr  +         Harm     .     (no ring)
MR     .....                    (no ring)
Stlth  +++.......               (no ring)
                                (no ring)
                                (no ring)
                                (no ring)
                                (no ring)

@: confused
A: almost no armour, stealthy swim, amphibious, 8 rings, constrict 8, camouflage
1, gelatinous body 1
a: no special abilities


You were on level 3 of the Dungeon.
You were not hungry.

You visited 1 branch of the dungeon, and saw 3 of its levels.

You collected 127 gold pieces.

Inventory:

Hand Weapons
 a - a +0 rapier (weapon)
 g - a +1 short sword of protection
 p - a +1 dagger of speed
Armour
 b - a +0 shield (worn)
Jewellery
 m - an uncursed ring of ice
 u - a ring of resist corrosion (left tentacle)
 y - an uncursed amulet of harm {unknown}
Scrolls
 e - 2 scrolls of identify {unknown}
 f - 3 scrolls of enchant armour {unknown}
 h - 2 scrolls of recharging {unknown}
 i - 3 scrolls of remove curse {unknown}
 j - 3 scrolls of teleportation {unknown}
 k - a scroll of amnesia {unknown}
 l - a scroll of immolation {unknown}
 q - 3 scrolls of blinking {unknown}
Potions
 c - 3 potions of might
 n - 2 potions of agility {unknown}
 r - a potion of berserk rage {unknown}
 s - a potion of flight {unknown}
 t - a potion of brilliance {unknown}
 v - 3 potions of curing {unknown}
 w - a potion of heal wounds {unknown}
Comestibles
 d - 2 bread rations
 o - 2 royal jellies
 x - 4 chunks of flesh


   Skills:
 - Level 3.0 Fighting
 - Level 2.0 Short Blades
 - Level 3.0 Dodging
 + Level 7.9 Stealth
 - Level 3.0 Shields


You had 4 spell levels left.
You didn't know any spells.

Dungeon Overview and Level Annotations

Branches:
Dungeon (3/15)

Altars:

Annotations:
D:3 1 runed door, Sigmund


Innate Abilities, Weirdness & Mutations

You cannot wear most types of armour.
You are very stealthy in the water. (Stealth+)
You are amphibious.
You can wear up to eight rings at the same time.
You can use your tentacles to constrict eight enemies at once.
Your skin changes colour to match your surroundings (Stealth+).
Your rubbery body absorbs attacks. (AC +1, EV +1)


Message History

Sigmund flickers and vanishes!
Deactivating autopickup; reactivate with Ctrl-A.
Something hits you!
You miss the leopard gecko. Your grab misses the leopard gecko.
You block the leopard gecko's attack. Something hits you!
You hit the leopard gecko. Your grab misses the leopard gecko.
The leopard gecko is severely wounded.
You block the leopard gecko's attack. The leopard gecko bites you.
Something hits you!
* * * LOW HITPOINT WARNING * * *
The leopard gecko barely misses you. The leopard gecko barely misses you.
The leopard gecko hisses menacingly.
You hit the leopard gecko.
You kill the leopard gecko!
You hear some strange, mumbled words.
You are confused.
You bump into the rock wall.
Something hits you!
You die...

#+# #.##.##.# #.#
#.......# #.#
####.#### ##.## #.#
##...## #.#
###.....# #.#
.......# #.#
###.#.###########.#
#.............@.#
#################


There were no monsters in sight!

Vanquished Creatures
  An ogre (D:3)
  5 adders
  An ooze (D:3)
  4 worms
  2 leopard geckos
  2 orcs (D:3)
  4 giant cockroaches
  6 goblins
  8 hobgoblins
  4 jackals (D:1)
  7 kobolds
  2 quokkas (D:2)
  A ball python (D:3)
  7 bats
  2 frilled lizards
  5 rats
61 creatures vanquished.

Notes
Turn   | Place    | Note
-------+----------+-------------------------------------------
     0 | D:1      | Keye the Octopode Fighter began the quest for the Orb.
     0 | D:1      | Reached XP level 1. HP: 16/16 MP: 1/1
    26 | D:1      | Reached skill level 1 in Stealth
   200 | D:1      | You fall through a shaft!
   285 | D:2      | Reached skill level 2 in Stealth
   315 | D:1      | Reached XP level 2. HP: 21/21 MP: 2/2
   347 | D:1      | Reached skill level 3 in Stealth
   544 | D:1      | Reached XP level 3. HP: 15/26 MP: 3/3
   726 | D:1      | Reached skill level 4 in Stealth
   994 | D:2      | Reached skill level 5 in Stealth
  1009 | D:2      | Reached XP level 4. HP: 26/31 MP: 4/4
  1844 | D:3      | Reached skill level 6 in Stealth
  2011 | D:3      | Noticed an ogre
  2021 | D:3      | Killed an ogre
  2021 | D:3      | Reached skill level 7 in Stealth
  2021 | D:3      | Reached XP level 5. HP: 9/36 MP: 5/5
  2434 | D:3      | Found a runed door.
  2571 | D:3      | Noticed Sigmund
  2575 | D:3      | HP: 1/36 [something (14)]
  2591 | D:3      | Mangled by Sigmund

Skill      XL: |  1  2  3  4 |
---------------+-------------+-----
Stealth        | 2 3 5 7 |  7.9
Fighting       | |  3.0
Short Blades   | |  2.0
Dodging        | |  3.0
Shields        | |  3.0

Action                   |  1- 3 |  4- 6 || total
-------------------------+-------+-------++-------
Melee: Rapier            |    68 |    60 ||   128
       Constrict         |    20 |     8 ||    28
       Tentacles         |    16 |    15 ||    31
 Stab: Sleeping          |     6 |     8 ||    14
  Eat: Chunk             |       |     5 ||     5
Armor: Skin              |     7 |     3 ||    10
Dodge: Dodged            |    32 |    21 ||    53
Block: Shield            |    29 |    14 ||    43
